 Dungeon Sprint DCSS version 0.28-a0-1629-gf728b707aa (webtiles) character file.

Game seed: 8964305592923349555

5854 xpp the Thaumaturge (level 10, -10/86 HPs)
             Began as a Gnoll Warper on Jan 25, 2022.
             Was the Champion of Kikubaaqudgha.
             Killed from afar by a deep elf annihilator (49 damage)
             ... with an iron shot
             ... in the Dungeon (Sprint V: "Ziggurat Sprint").
             The game lasted 00:17:02 (479 turns).

xpp the Thaumaturge (Gnoll Warper)                   Turns: 479, Time: 00:17:03

Health: -10/86     AC: 15    Str: 19    XL:     10   Next: 81%
Magic:  24/24      EV:  6    Int: 13    God:    Kikubaaqudgha [******]
Gold:   795        SH: 14    Dex: 16    Spells: 30/30 levels left

rFire   + + .      SeeInvis .   J - +9 demon blade
rCold   + . .      Faith    .   k - +3 kite shield
rNeg    . . .      Spirit   .   i - +5 gold dragon scales
rPois   +          Reflect  .   (no helmet)
rElec   .          Harm     .   (no cloak)
rCorr   .          Rampage  .   (no gloves)
Will    .....      NoTele   +   (no boots)
Stlth   ..........              a - amulet of regeneration
HPRegen 1.04/turn               D - +6 ring of strength
MPRegen 0.19/turn               z - ring of the Octopus King {rF+ AC+1 EV+1 Str+1 Int+1 Dex+1}

@: corroded, invisible
A: fangs 1, strong nose, distributed training
a: Renounce Religion, Receive Corpses, Torment


You were in the Dungeon.
You worshipped Kikubaaqudgha.
Kikubaaqudgha was exalted by your worship.
You visited 1 branch You collected 795 gold pieces.

Inventory:

Hand Weapons
 C - the +10 zealot's sword {holy, *Rage rN+ EV+3}
   (You found it in the Dungeon)

   It has been blessed by the Shining One to cause great damage to the undead
   and demons.
   Whenever the wielder enters a berserk rage, their allies are berserked
   alongside them.
   EV:        It affects your evasion (+3).
   rN:        It protects you from negative energy.
   *Rage:     It berserks you when you make melee attacks (+20% chance).
 G - the +7 Singing Sword {vorpal, sonic wave}
   (You found it in the Dungeon)

   It inflicts extra damage upon your enemies.
   It radiates damaging sonic waves as it strikes, especially in combat
   involving dangerous or numerous foes.
 H - the +6 shillelagh "Devastator" {shatter}
   (You found it in the Dungeon)

   It releases a powerful concussive burst when it strikes, dealing extra damage
   to the target and all other foes adjacent to them.
 I - the +9 sword of Zonguldrok {reap}
   (You found it in the Dungeon)

   Any living foe damaged by it may be reanimated upon death as a zombie
   friendly to the wielder, with an increasing chance as more damage is dealt.
 J - a +9 demon blade (weapon)
 K - a +5 hand crossbow
 N - a +0 broad axe of draining
Missiles
 c - 3 throwing nets
 o - 2 boomerangs (quivered)
 y - 2 silver boomerangs
 L - 1000 bolts
Armour
 i - +5 gold dragon scales (worn)
 k - a +3 kite shield (worn)
Jewellery
 a - an amulet of regeneration (around neck)
 z - a ring of the Octopus King (right hand) {rF+ AC+1 EV+1 Str+1 Int+1 Dex+1}
   (You found it in the Dungeon)

   [ring of protection from fire]

   AC:        It affects your AC (+1).
   EV:        It affects your evasion (+1).
   Str:       It affects your strength (+1).
   Int:       It affects your intelligence (+1).
   Dex:       It affects your dexterity (+1).
   rF:        It protects you from fire.
 D - a +6 ring of strength (left hand)
 M - a +4 ring of protection
Wands
 v - a wand of mindburst (5)
 x - a wand of acid (3)
Scrolls
 b - 5 scrolls of blinking
 q - 4 scrolls of amnesia
 r - 6 scrolls of fog
 s - a scroll of holy word
 t - 5 scrolls of identify
 u - 2 scrolls of fear
Potions
 d - 10 potions of curing
 e - 6 potions of heal wounds
 f - 6 potions of haste
 g - 7 potions of magic
 h - 3 potions of berserk rage
 l - 2 potions of brilliance
 m - a potion of invisibility
 n - 4 potions of resistance
 p - 5 potions of might
Miscellaneous
 j - a box of beasts
 w - a phial of floods
 A - a tin of tremorstones (1/2)
 B - a tin of tremorstones (1/2)
 E - a phantom mirror
 F - a lightning rod (2/4)


   Skills:
 + Level 10.5 Fighting
 + Level 9.4 Short Blades
 + Level 9.4 Long Blades
 + Level 9.4 Axes
 + Level 9.4 Maces & Flails
 + Level 9.4 Polearms
 + Level 9.4 Staves
 + Level 9.4 Slings
 + Level 9.4 Bows
 + Level 9.4 Crossbows
 + Level 9.8 Throwing
 + Level 9.8 Armour
 + Level 10.5 Dodging
 + Level 9.4 Stealth
 + Level 9.4 Shields
 + Level 10.5 Unarmed Combat
 + Level 10.7 Spellcasting
 + Level 7.9 Conjurations
 + Level 7.9 Hexes
 + Level 7.9 Summonings
 + Level 7.9 Necromancy
 + Level 9.6 Translocations
 + Level 7.9 Transmutations
 + Level 7.9 Fire Magic
 + Level 7.9 Ice Magic
 + Level 7.9 Air Magic
 + Level 7.9 Earth Magic
 + Level 7.9 Poison Magic
 + Level 10.3 Invocations
 + Level 9.4 Evocations


You had 30 spell levels left.
You didn't know any spells.
Your spell library contained the following spells:

 Spells                   Type           Power      Damage    Failure   Level
 Blink                    Tloc           64%        N/A       65%         2
 Animate Skeleton         Necr           54%        N/A       77%         1
 Pain                     Necr           100%       1d9       77%         1
 Gell's Gravitas          Tloc           32%        N/A       87%         3
 Lesser Beckoning         Tloc           32%        N/A       87%         3
 Teleport Other           Tloc           32%        N/A       87%         3
 Sublimation of Blood     Necr           27%        N/A       88%         2
 Ignite Poison            Fire/Tmut/Pois 27%        N/A       98%         3
 Mephitic Cloud           Conj/Pois/Air  27%        N/A       98%         3
 Stone Arrow              Conj/Erth      54%        3d10      98%         3
 Vampiric Draining        Necr           27%        2d7       98%         3
 Anguish                  Hex/Necr       13%        N/A       100%        4
 Animate Armour           Summ/Erth      54%        N/A       100%        4
 Animate Dead             Necr           13%        N/A       100%        4
 Dispel Undead            Necr           27%        3d13      100%        4
 Borgnjor's Vile Clutch   Necr/Erth      13%        N/A       100%        5
 Freezing Cloud           Conj/Ice/Air   13%        6-21      100%        5
 Manifold Assault         Tloc           32%        N/A       100%        5
 Death Channel            Necr           13%        N/A       100%        6
 Simulacrum               Ice/Necr       13%        N/A       100%        6
 Haunt                    Necr/Summ      13%        N/A       100%        7
 Borgnjor's Revivificati  Necr           13%        N/A       100%        8
 Infestation              Necr           13%        N/A       100%        8
 Lehudib's Crystal Spear  Conj/Erth      13%        10d5      100%        8
 Necromutation            Tmut/Necr      13%        N/A       100%        8
 Death's Door             Necr           13%        N/A       100%        9


Dungeon Overview and Level Annotations

Branches:
Dungeon (1/1)

Altars:
Ashenzari
Cheibriados
Dithmenos
Elyvilon
Fedhas
Gozag
Hepliaklqana
Kikubaaqudgha
Makhleb
Nemelex Xobeh
Okawaru
Qazlal
Ru
Sif Muna
Trog
Uskayaw
Vehumet
Wu Jian
Xom
Yredelemnul
Zin
The Shining One
Beogh
Jiyva
Lugonu


Innate Abilities, Weirdness & Mutations

You have very sharp teeth.
Your uncanny sense of smell can sniff out nearby items.
Your experience applies equally to all skills.


Message History

The deep elf zephyrmancer casts a spell at you.
The bolt of lightning hits you!!!
Ouch! That really hurt!
The deep elf archer shoots an arrow.
You block the arrow.
You feel much better.
The deep elf annihilator casts a spell at you.
The iron shot hits you!!!
* * * LOW HITPOINT WARNING * * *
The deep elf zephyrmancer casts a spell at you.
The bolt of lightning hits the earth elemental.
The earth elemental completely resists.
The bolt of lightning hits the rust devil.
The rust devil resists.
The bolt of lightning hits you!
* * * LOW HITPOINT WARNING * * *
As you read the scroll of fog, it crumbles to dust.
The scroll dissolves into smoke.
You feel much better. You block the rust devil's attack.
You fade into invisibility!
The rust devil hits you. The rust devil corrodes you!
Aiming: Thunderbolt
Press: ? - help, Shift-Dir - straight line, f - rust devil, p - deep elf annihilator
Aim: a rust devil (purple smoke, severely wounded, summoned)
The thunderbolt hits the orc sorcerer.
The orc sorcerer is heavily wounded.
The thunderbolt hits the rust devil.
The rust devil completely resists.
The rust devil is severely wounded.
The deep elf zephyrmancer casts a spell at you.
The bolt of lightning hits the rust devil!
The rust devil resists.
The bolt of lightning hits you!!
* * * LOW HITPOINT WARNING * * *
The rust devil hits you. The rust devil corrodes you!
The deep elf archer shoots an arrow.
The arrow hits the rust devil!!
The rust devil dies!
The rust devil disappears in a puff of smoke!
You feel much better.
The deep elf annihilator gestures at you while chanting.
The iron shot hits you!!!
Ouch! That really hurt!
You die...
Kikubaaqudgha rasps: "You have failed me!
Welcome... death!"

▓..8©8..▓
▓..|)})...▓..)|=..▓
▓...)))...▓...|)..▓
▓....ee...▓.......▓
▓...e..e..▓...)...▓
▓.§§§)....▓...)...▓
▓...ee§§..▓.......▓
▓.▓§eoeE▓.▓...†...▓
▓..§§@§§..▓...©...▓
▓▓▓▓▓▓▓▓▓▓▓▓▓▓▓▓▓▓▓
▓..8©8..▓ ∆∆∆∆∆
▓...[...▓ ∆∆∆
▓.......▓ ▓.......▓
▓..).)..▓ ▓..()...▓
▓...)...▓


You could see a deep elf annihilator, a deep elf archer (repels missiles), an
earth elemental, 2 deep elf zephyrmancers and an orc sorcerer.

Vanquished Creatures
  A deep elf sorcerer (D)
  A dancing weapon (D)
  A deep elf pyromancer (D)
  A deep elf zephyrmancer (D)
  A cyclops (D)
  A naga mage (D)
  7 merfolk (D)
  A wind drake (D)
  A tarantella (D)
  3 nagas (D)
  2 water moccasins (D)
  2 hell hounds (D)
  A scorpion (D)
  An earth elemental (D)
  A crimson imp (D)
  A quasit (D)
  5 adders (D)
31 creatures vanquished.

Notes
Turn   | Place    | Note
-------+----------+-------------------------------------------
     0 | D        | xpp the Gnoll Warper began the quest for the Orb.
     0 | D        | Reached XP level 1. HP: 20/20 MP: 6/6
     3 | D        | Found a blossoming altar of Fedhas.
     3 | D        | Found the +6 Majin-Bo {vamp, MP+6 Int+6}
     3 | D        | Found the +9 heavy crossbow "Sniper" {vorpal, Acc+∞ SInv}
     3 | D        | Found the +10 dark maul {vorpal}
     3 | D        | Found the +15 Maxwell's patent armour {-Cast -Tele rElec
                  | Will+ rCorr}
     3 | D        | Found the +18 shield of the Gong {rElec rN+ Will+ EV-5}
     3 | D        | Found the +14 obsidian axe {vorpal, Mesm Drain Fly SInv}
     3 | D        | Found the +7 great mace "Firestarter" {inner flame, rF++}
     3 | D        | Found the +6 shillelagh "Devastator" {shatter}
     3 | D        | Found the +11 plutonium sword {Contam Stlth-}
     3 | D        | Found the +8 lance "Wyrmbane" {slay drac, rPois rF+ rC+
                  | AC+3}
     3 | D        | Found the +9 sword of Zonguldrok {reap}
     3 | D        | Found the +13 scythe of Curses {drain, Drain}
     3 | D        | Found the +5 sword of Power {vorpal}
     3 | D        | Found the +7 mace of Variability {chain chaos}
     3 | D        | Found the +7 Singing Sword {vorpal, sonic wave}
     3 | D        | Found the +8 storm bow {elec, penet}
     7 | D        | Found a shimmering blue altar of Sif Muna.
     7 | D        | Found a sacrificial altar of Ru.
     7 | D        | Found a bloodstained altar of Trog.
     7 | D        | Found a stormy altar of Qazlal.
     7 | D        | Found an iron altar of Okawaru.
     7 | D        | Found a sparkling altar of Nemelex Xobeh.
     9 | D        | Found a transporter.
     9 | D        | Found an ancient bone altar of Kikubaaqudgha.
     9 | D        | Found a viscous altar of Jiyva.
     9 | D        | Found a corrupted altar of Lugonu.
     9 | D        | Found a hazy altar of Hepliaklqana.
     9 | D        | Found a burning altar of Makhleb.
     9 | D        | Found an opulent altar of Gozag.
    28 | D        | Became a worshipper of Kikubaaqudgha
    49 | D        | Reached skill level 5 in Fighting
    49 | D        | Reached skill level 5 in Dodging
    49 | D        | Reached skill level 5 in Unarmed Combat
    49 | D        | Reached skill level 5 in Spellcasting
    49 | D        | Reached skill level 1 in Conjurations
    49 | D        | Reached skill level 1 in Hexes
    49 | D        | Reached skill level 1 in Summonings
    49 | D        | Reached skill level 1 in Necromancy
    49 | D        | Reached skill level 1 in Transmutations
    49 | D        | Reached skill level 1 in Fire Magic
    49 | D        | Reached skill level 1 in Ice Magic
    49 | D        | Reached skill level 1 in Air Magic
    49 | D        | Reached skill level 1 in Earth Magic
    49 | D        | Reached skill level 1 in Poison Magic
    49 | D        | Reached XP level 2. HP: 27/27 MP: 6/8
    77 | D        | Entered arena 2.
    77 | D        | Noticed a scorpion
    77 | D        | Noticed a tarantella
    77 | D        | Found a transporter.
    79 | D        | Killed a scorpion
    80 | D        | Reached XP level 3. HP: 33/33 MP: 10/10
    80 | D        | Reached XP level 4. HP: 39/39 MP: 11/11
    81 | D        | Killed a tarantella
    82 | D        | Reached skill level 5 in Throwing
    82 | D        | Reached skill level 5 in Armour
    82 | D        | Reached skill level 5 in Invocations
    82 | D        | Reached XP level 5. HP: 47/47 MP: 12/14
    82 | D        | Reached XP level 6. HP: 53/53 MP: 12/15
   103 | D        | Entered arena 3.
   103 | D        | Found the +10 zealot's sword {holy, *Rage rN+ EV+3}
   103 | D        | Found the ring of the Octopus King {rF+ AC+1 EV+1 Str+1
                  | Int+1 Dex+1}
   103 | D        | Noticed a merfolk
   103 | D        | Noticed a merfolk
   103 | D        | Noticed a merfolk
   103 | D        | Found a transporter.
   108 | D        | Killed a merfolk
   108 | D        | Reached * piety under Kikubaaqudgha
   108 | D        | Received a gift from Kikubaaqudgha
   108 | D        | Killed a merfolk
   109 | D        | Reached skill level 5 in Short Blades
   109 | D        | Reached skill level 5 in Long Blades
   109 | D        | Reached skill level 5 in Axes
   109 | D        | Reached skill level 5 in Maces & Flails
   109 | D        | Reached skill level 5 in Polearms
   109 | D        | Reached skill level 5 in Staves
   109 | D        | Reached skill level 5 in Slings
   109 | D        | Reached skill level 5 in Bows
   109 | D        | Reached skill level 5 in Crossbows
   109 | D        | Reached skill level 5 in Stealth
   109 | D        | Reached skill level 5 in Shields
   109 | D        | Reached skill level 5 in Evocations
   109 | D        | Reached XP level 7. HP: 38/60 MP: 16/18
   109 | D        | Killed a merfolk
   110 | D        | Reached skill level 5 in Conjurations
   110 | D        | Reached skill level 5 in Hexes
   110 | D        | Reached skill level 5 in Summonings
   110 | D        | Reached skill level 5 in Necromancy
   110 | D        | Reached skill level 5 in Transmutations
   110 | D        | Reached skill level 5 in Fire Magic
   110 | D        | Reached skill level 5 in Ice Magic
   110 | D        | Reached skill level 5 in Air Magic
   110 | D        | Reached skill level 5 in Earth Magic
   110 | D        | Reached skill level 5 in Poison Magic
   110 | D        | Reached XP level 8. HP: 43/68 MP: 17/20
   117 | D        | Got a ring of the Octopus King {rF+ AC+1 EV+1 Str+1 Int+1
                  | Dex+1}
   231 | D        | Entered arena 4.
   231 | D        | Noticed a deep elf sorcerer
   231 | D        | Noticed a deep elf pyromancer
   231 | D        | Noticed a deep elf zephyrmancer
   231 | D        | Found a transporter.
   235 | D        | Killed a deep elf sorcerer
   235 | D        | Reached ** piety under Kikubaaqudgha
   235 | D        | Killed a deep elf pyromancer
   236 | D        | Reached XP level 9. HP: 76/76 MP: 20/22
   237 | D        | Killed a deep elf zephyrmancer
   338 | D        | Entered arena 5.
   338 | D        | Found a transporter.
   339 | D        | Reached *** piety under Kikubaaqudgha
   339 | D        | Received a gift from Kikubaaqudgha
   340 | D        | Reached **** piety under Kikubaaqudgha
   370 | D        | Entered arena 6.
   370 | D        | Found a transporter.
   390 | D        | Entered arena 7.
   390 | D        | Noticed a naga mage
   391 | D        | Reached ***** piety under Kikubaaqudgha
   396 | D        | Reached XP level 10. HP: 84/84 MP: 23/23
   398 | D        | Killed a naga mage
   399 | D        | Reached skill level 10 in Spellcasting
   406 | D        | Found a transporter.
   423 | D        | Entered arena 8.
   423 | D        | Noticed a cyclops
   427 | D        | Reached skill level 10 in Fighting
   427 | D        | Reached skill level 10 in Dodging
   427 | D        | Reached skill level 10 in Unarmed Combat
   428 | D        | Killed a cyclops
   428 | D        | Reached ****** piety under Kikubaaqudgha
   429 | D        | Reached skill level 10 in Invocations
   434 | D        | Found a transporter.
   452 | D        | Got the Disquisition on Darkness
   455 | D        | Acquired 795 gold pieces
   461 | D        | Received a gift from Kikubaaqudgha
   470 | D        | Entered arena 9.
   470 | D        | Noticed a deep elf annihilator
   470 | D        | Noticed a deep elf zephyrmancer
   470 | D        | Noticed an orc sorcerer
   470 | D        | Noticed a deep elf zephyrmancer
   470 | D        | Noticed a deep elf archer
   470 | D        | Noticed a +0 long sword of flaming
   472 | D        | Noticed a rust devil
   472 | D        | Killed a +0 long sword of flaming
   479 | D        | Killed from afar by a deep elf annihilator

Illustrated notes

Levels and vault maps discovered:
D:        sprint_v [room_start, room_1, room_2, room_3, room_4, room_5, room_6,
          room_7, room_8, room_9, room_10, room_11, room_12, room_13, room_14,
          room_15, room_16, room_17, room_18, room_19, room_20, room_21,
          room_22, room_23, room_24, room_25, room_26, room_27]

Skill      XL: |  1  2  3  4  5  6  7  8  9 10 |
---------------+-------------------------------+-----
Fighting       | 5 6 7 9 10 | 10.5
Short Blades   | 2 3 4 5 6 7 8 9 |  9.4
Long Blades    | 2 3 4 5 6 7 8 9 |  9.4
Axes           | 2 3 4 5 6 7 8 9 |  9.4
Maces & Flails | 2 3 4 5 6 7 8 9 |  9.4
Polearms       | 2 3 4 5 6 7 8 9 |  9.4
Staves         | 2 3 4 5 6 7 8 9 |  9.4
Slings         | 2 3 4 5 6 7 8 9 |  9.4
Bows           | 2 3 4 5 6 7 8 9 |  9.4
Crossbows      | 2 3 4 5 6 7 8 9 |  9.4
Throwing       | 3 4 5 6 8 9 |  9.8
Armour         | 3 4 5 6 8 9 |  9.8
Dodging        | 5 6 7 9 10 | 10.5
Stealth        | 2 3 4 5 6 7 8 9 |  9.4
Shields        | 2 3 4 5 6 7 8 9 |  9.4
Unarmed Combat | 5 6 7 9 10 | 10.5
Spellcasting   | 5 6 7 8 9 10 | 10.7
Conjurations   | 1 2 3 4 5 6 7 |  7.9
Hexes          | 1 2 3 4 5 6 7 |  7.9
Summonings     | 1 2 3 4 5 6 7 |  7.9
Necromancy     | 1 2 3 4 5 6 7 |  7.9
Transmutations | 1 2 3 4 5 6 7 |  7.9
Fire Magic     | 1 2 3 4 5 6 7 |  7.9
Ice Magic      | 1 2 3 4 5 6 7 |  7.9
Air Magic      | 1 2 3 4 5 6 7 |  7.9
Earth Magic    | 1 2 3 4 5 6 7 |  7.9
Poison Magic   | 1 2 3 4 5 6 7 |  7.9
Invocations    | 2 3 5 6 8 9 10 | 10.3
Evocations     | 2 3 4 5 6 7 8 9 |  9.4
Translocations | 6 7 8 9 |  9.6

Action                   |  1- 3 |  4- 6 |  7- 9 | 10-12 || total
-------------------------+-------+-------+-------+-------++-------
Melee: Demon blade       |       |       |     5 |     2 ||     7
       Bite              |       |       |     1 |     1 ||     2
Throw: Boomerang         |       |       |     3 |     3 ||     6
Invok: Receive Forbidden |       |       |       |     1 ||     1
Evoke: Wand              |     2 |     5 |     6 |       ||    13
       Lightning rod     |       |     1 |     8 |     7 ||    16
       Tin of tremorston |       |       |       |     4 ||     4
       Phial of floods   |       |       |       |     1 ||     1
  Use: Potion            |     1 |     1 |       |     4 ||     6
       Scroll            |       |     4 |       |     2 ||     6
Armor: Gold dragon scale |       |       |     3 |     8 ||    11
Dodge: Dodged            |       |     2 |       |       ||     2
Block: Buckler           |     1 |     2 |       |       ||     3
       Kite shield       |       |       |     3 |     6 ||     9

Table legend: (Time is in decaauts)
 A = Elapsed time spent in this place.
 B = Non-inter-level travel time spent in this place.
 C = Inter-level travel time spent in this place.
 D = Time resting spent in this place.
 E = Time spent auto-exploring this place.
 F = Levels seen in this place.
 G = Mean time per level.
                   A        B        C        D        E       F      G
               +--------+--------+--------+--------+--------+-----+--------+
         Total |    477 |    477 |      0 |    210 |      0 |   1 |  477.0 |
       Dungeon |    477 |    477 |      0 |    210 |      0 |   1 |  477.0 |
               +--------+--------+--------+--------+--------+-----+--------+

Top non-repeatable levels by time:
       D: 477 daAuts
